 Dungeon Crawl Stone Soup version 0.29-a0-1065-g47a6bb87d6 (webtiles) character file.

Game seed: 14055048990748216862

501 ytrimaz the Insei (level 7, -8/43 HPs)
             Began as an Octopode Transmuter on Aug 19, 2022.
             Mangled by a komodo dragon (15 damage)
             ... on level 5 of the Dungeon.
             The game lasted 00:05:24 (5458 turns).

ytrimaz the Insei (Octopode Transmuter)             Turns: 5458, Time: 00:05:25

Health: -8/43      AC:  2    Str: 10    XL:     7   Next: 17%
Magic:  4/10       EV: 19    Int: 17    God:
Gold:   220        SH:  0    Dex: 17    Spells: 0/10 levels left

rFire   + . .      SeeInvis .     - Unarmed
rCold   . . .      Faith    .   (shield currently unavailable)
rNeg    . . .      Spirit   .   (helmet currently unavailable)
rPois   x          Reflect  .   (no amulet)
rElec   .          Harm     .   f - ring of protection from fire
rCorr   .          Rampage  .   (no ring)
Will    .....                   (no ring)
Stlth   ++........              (no ring)
HPRegen 0.14/turn               (no ring)
MPRegen 0.12/turn               (no ring)
                                (no ring)
                                (no ring)

@: spider-form (expiring), very slightly contaminated
A: venomous fangs, almost no armour, (amphibious), 8 rings, tiny, (camouflage
1), (gelatinous body 1), (nimble swimmer 1), (tentacles), sense surroundings 1,
wild magic 1, evolution 1
a: End Transformation


You were on level 5 of the Dungeon.
You were a venomous arachnid creature.
You visited 1 branch of the dungeon, and saw 5 of its levels.

You collected 220 gold pieces.

Inventory:

Jewellery
 d - a ring of flight
 f - a ring of protection from fire (left front leg)
Scrolls
 a - 2 scrolls of teleportation
 c - a scroll of enchant armour
Potions
 b - a potion of resistance {unknown}
 g - a potion of brilliance


   Skills:
 - Level 1.0 Fighting
 - Level 2.0 Dodging
 + Level 7.9 Unarmed Combat
 - Level 2.0 Spellcasting
 - Level 2.0 Transmutations
 - Level 0.2 Poison Magic


You couldn't memorise any spells.
You knew the following spells:

 Your Spells              Type           Power      Damage    Failure   Level
a - Beastly Appendage     Tmut           22%        N/A       30%         1
b - Wereblood             Tmut           11%        N/A       38%         2
c - Spider Form           Tmut/Pois      7%         N/A       67%         3
d - Ice Form              Ice/Tmut       6%         N/A       94%         4

Your spell library contained the following spells:

 Spells                   Type           Power      Damage    Failure   Level
 Call Canine Familiar     Summ           2%         N/A       78%         3
 Portal Projectile        Hex/Tloc       4%         N/A       78%         3
 Leda's Liquefaction      Hex/Erth       1%         N/A       98%         4


Dungeon Overview and Level Annotations

Branches:
Dungeon (5/15)
 Temple: D:4-7

Altars:
Elyvilon
Fedhas
Nemelex Xobeh
Okawaru
Uskayaw

Annotations:
D:3 Newt's ghost, amateur DsGl
D:4 2 runed translucent doors, fleet's ghost, amateur MfIE


Innate Abilities, Weirdness & Mutations

You are a venomous arachnid creature.
You have poisonous fangs.
You are tiny and dextrous.
Your spellcasting is less reliable in this form.
Your armour is entirely melded.
You are incapable of wielding weapons or throwing items.
You cannot wear most types of armour.
((You are amphibious.))
You can wear up to eight rings at the same time.
((Your skin changes colour to match your surroundings (Stealth+).))
((Your rubbery body absorbs attacks. (AC +1, EV +1)))
((You are camouflaged when in or above water. (Stealth+)))
((You have tentacles for arms and can constrict up to eight enemies at once.))
You passively map a small area around you.
Your spells are a little harder to cast, but a little more powerful.
You have hidden genetic potential.


Message History

Found a hide-covered altar of Uskayaw.
A komodo dragon comes into view.
A komodo dragon is nearby!
The komodo dragon hisses angrily.
Found a scroll of butterflies.
Casting: Beastly Appendage (safe; 13% risk of failure)
Confirm with . or Enter, or press ? or * to list all spells.
The spell is quite dangerous to miscast (45% risk of failure)!
Continue anyway?
You miscast Spider Form.
You are very lightly contaminated with residual magic.
Nothing appears to happen.
Unknown command.
Casting: Spider Form (quite dangerous; 45% risk of failure)
Confirm with . or Enter, or press ? or * to list all spells.
The spell is quite dangerous to miscast (45% risk of failure)!
Continue anyway?
You turn into a venomous arachnid creature.
The komodo dragon misses you.
Unknown command.
You hit the komodo dragon.
The komodo dragon is lightly wounded.
The komodo dragon bites you!!
You bite the komodo dragon!
The komodo dragon is poisoned.
The komodo dragon is moderately wounded.
The komodo dragon completely misses you.
You hit the komodo dragon but do no damage.
The komodo dragon looks as sick as possible!
The komodo dragon is moderately wounded.
Your transformation is almost over.
The komodo dragon barely misses you.
You hit the komodo dragon but do no damage.
The komodo dragon looks as sick as possible!
The komodo dragon is moderately wounded.
You hit the komodo dragon.
The komodo dragon is heavily wounded.
The komodo dragon bites you!!
* * * LOW HITPOINT WARNING * * *
Unknown command.
The komodo dragon attacks as you move away!
The komodo dragon bites you!
You die...

#PPPPP##........._....#
#.PPP.#* * #........#
#.#.#.# #.#####..# #.
...#### #.#...#..# ,
?.# #.#(..#..# *#.#
##.#####..# * * #.#
#.........#
#.###.####.###.....#
#....sl........#####
*,.....############# *
###* *


You could see a komodo dragon (extremely poisoned).

Vanquished Creatures
  A water moccasin (D:5)
  An orc warrior (D:4)
  A scorpion (D:5)
  A hound (D:3)
  4 orc wizards
  5 adders
  A worm (D:4)
  2 dart slugs (D:2)
  7 orcs
  4 ball pythons
  4 endoplasms
  3 giant cockroaches
  8 hobgoblins
  4 jackals (D:1)
  A quokka (D:1)
  4 bats
  2 frilled lizards (D:1)
  2 goblins
  4 kobolds
  5 rats
64 creatures vanquished.

Notes
Turn   | Place    | Note
-------+----------+-------------------------------------------
     0 | D:1      | ytrimaz the Octopode Transmuter began the quest for the
                  | Orb.
     0 | D:1      | Reached XP level 1. HP: 13/13 MP: 3/3
   107 | D:1      | Reached XP level 2. HP: 18/18 MP: 3/5
   532 | D:1      | Reached skill level 4 in Unarmed Combat
   866 | D:1      | Reached XP level 3. HP: 23/23 MP: 4/6
  1107 | D:2      | Found a faded altar of an unknown god.
  2506 | D:3      | Reached XP level 4. HP: 21/28 MP: 5/7
  2817 | D:3      | Reached skill level 5 in Unarmed Combat
  3073 | D:3      | Identified the +0 pair of boots of Foalessu {Contam Harm
                  | rElec Dex+3}
  3201 | D:3      | Reached XP level 5. HP: 10/33 MP: 8/8
  3594 | D:3      | Noticed Newt's ghost (amateur DsGl)
  3623 | D:3      | Found a runed translucent gate.
  3623 | D:3      | Found a runed translucent gate.
  3623 | D:3      | Found a runed translucent gate.
  3644 | D:3      | Learned a level 3 spell: Spider Form
  3649 | D:3      | Learned a level 4 spell: Ice Form
  3735 | D:3      | Reached skill level 6 in Unarmed Combat
  4175 | D:4      | Found a sparkling altar of Nemelex Xobeh.
  4179 | D:4      | Found a white marble altar of Elyvilon.
  4223 | D:4      | Noticed an orc warrior
  4238 | D:4      | Found an iron altar of Okawaru.
  4268 | D:4      | Gained mutation: You occasionally lose the ability to read
                  | scrolls when taking damage. [potion of mutation]
  4268 | D:4      | Gained mutation: You are agile. (Dex +4, Str/Int -1)
                  | [potion of mutation]
  4268 | D:4      | Gained mutation: Your spells are a little easier to cast,
                  | but a little less powerful. [potion of mutation]
  4268 | D:4      | Gained mutation: Your flesh is heat resistant. (rF+)
                  | [potion of mutation]
  4279 | D:4      | Killed an orc warrior
  4280 | D:4      | Reached XP level 6. HP: 7/38 MP: 4/9
  4283 | D:4      | Reached skill level 7 in Unarmed Combat
  4291 | D:4      | Lost mutation: Your spells are a little easier to cast, but
                  | a little less powerful. [potion of mutation]
  4291 | D:4      | Lost mutation: Your flesh is heat resistant. (rF+) [potion
                  | of mutation]
  4291 | D:4      | Lost mutation: You are agile. (Dex +4, Str/Int -1) [potion
                  | of mutation]
  4291 | D:4      | Gained mutation: You are dopey. (Int -2) [potion of
                  | mutation]
  4291 | D:4      | Lost mutation: You occasionally lose the ability to read
                  | scrolls when taking damage. [potion of mutation]
  4291 | D:4      | Gained mutation: You occasionally shout uncontrollably at
                  | your foes. [potion of mutation]
  4291 | D:4      | Gained mutation: You have a pair of small antennae on your
                  | head. [potion of mutation]
  4596 | D:4      | Lost mutation: You occasionally shout uncontrollably at
                  | your foes. [potion of mutation]
  4596 | D:4      | Lost mutation: You are dopey. (Int -2) [potion of mutation]
  4596 | D:4      | Lost mutation: You have a pair of small antennae on your
                  | head. [potion of mutation]
  4596 | D:4      | Gained mutation: Your spells are a little harder to cast,
                  | but a little more powerful. [potion of mutation]
  4596 | D:4      | Gained mutation: You passively map a small area around you.
                  | [potion of mutation]
  4596 | D:4      | Gained mutation: You have hidden genetic potential. [potion
                  | of mutation]
  4746 | D:4      | Found a large runed translucent door.
  4746 | D:4      | Found a large runed translucent door.
  4750 | D:4      | Noticed fleet's ghost (amateur MfIE)
  5035 | D:5      | Entered Level 5 of the Dungeon
  5035 | D:5      | Found a blossoming altar of Fedhas.
  5041 | D:5      | Noticed a water moccasin
  5045 | D:5      | Killed a water moccasin
  5046 | D:5      | Reached XP level 7. HP: 38/43 MP: 8/10
  5049 | D:5      | Learned a level 2 spell: Wereblood
  5424 | D:5      | Found a hide-covered altar of Uskayaw.
  5428 | D:5      | Noticed a +0 hand axe
  5429 | D:5      | Noticed a +0 dagger
  5429 | D:5      | Noticed a komodo dragon
  5458 | D:5      | Mangled by a komodo dragon

Illustrated notes

Levels and vault maps discovered:
D:1:      dpeg_arrival_tiny_k, layout_loops_ring
D:2:      layout_loops_cross, ebering_ecumenical_altar_box
D:3:      layout_loops_corners, gammafunk_ghost_icy, minivault_24,
          kennysheep_generic_room_3
D:4:      layout_cave_pools, okawaru_metal_pillars_3,
          mainiacjoe_overflow_catwalk_spiral, serial_column_ruins,
          column_ruins_square_small, column_ruins_corridor_straight,
          column_ruins_open_tiny, column_ruins_grid_1, column_ruins_grid_4,
          ebering_ghost_disaster_area
D:5:      layout_loops_cross, fedhas_altar_3, dancing_weapons_uskayaw,
          nicolae_overflow_crystal_walls, kennysheep_mini, hex_large

Skill      XL: |  1  2  3  4  5  6 |
---------------+-------------------+-----
Unarmed Combat | 4 5 6 7 |  7.9
Fighting       | |  1.0
Dodging        | |  2.0
Spellcasting   | |  2.0
Transmutations | |  2.0
Poison Magic   | |  0.2

Action                   |  1- 3 |  4- 6 |  7- 9 || total
-------------------------+-------+-------+-------++-------
Melee: Unarmed           |    72 |    83 |    10 ||   165
       Constrict         |    24 |    11 |     1 ||    36
       Tentacles         |    17 |    12 |     1 ||    30
       Kick              |    27 |    13 |     2 ||    42
       Punch             |       |     2 |       ||     2
 Cast: Beastly Appendage |    27 |    16 |     1 ||    44
       Spider Form       |       |       |     1 ||     1
  Use: Scroll            |     4 |     4 |       ||     8
       Potion            |       |     9 |       ||     9
 Stab: Sleeping          |     4 |       |       ||     4
       Invisible         |       |     3 |       ||     3
Armor: Skin              |     8 |    59 |       ||    67
Dodge: Dodged            |    53 |    46 |     5 ||   104

Table legend: (Time is in decaauts)
 A = Elapsed time spent in this place.
 B = Non-inter-level travel time spent in this place.
 C = Inter-level travel time spent in this place.
 D = Time resting spent in this place.
 E = Time spent auto-exploring this place.
 F = Levels seen in this place.
 G = Mean time per level.
                   A        B        C        D        E       F      G
               +--------+--------+--------+--------+--------+-----+--------+
         Total |   5439 |   5361 |     78 |    813 |   3864 |   5 | 1087.8 |
       Dungeon |   5439 |   5361 |     78 |    813 |   3864 |   5 | 1087.8 |
               +--------+--------+--------+--------+--------+-----+--------+

Top non-repeatable levels by time:
     D:3: 1658 daAuts
     D:2: 1389 daAuts
     D:1: 1102 daAuts
     D:4: 868 daAuts
     D:5: 420 daAuts
